AoeStats
← kauchi1

Coastal Forest

503424221Analyzed
2v2 RM · 1mo ago on Aug 31, 2026· 80m 14s· 4 players
Game mode
Random Map
Map size
Medium (4 player)
Population
200
Speed
Normal
Resources
Standard
Victory
Conquest
Starting age
Dark Age
Ending age
Imperial Age
RankedLock teamsTeams togetherTeam positionsShared explorationLock speedFull tech treeHidden civsTurbo modeCheats
Victory
Defeat
🇦🇷 Vietnamese · Argentina
593
+19
🇹🇷 Khmer · Türkiye
488
+24
🇧🇷 Chinese · Brazil
683
-22
🇨🇴 Franks · Colombia
648
-21
NoobForever
0:33 Loom
10:58 Feudal Age
12:59 Horse Collar
13:26 Double-Bit Axe
18:04 Wheelbarrow
21:37 Castle Age
19:24 Town Watch
20:51 Arson
23:26 Fletching
23:37 Padded Archer Armor
23:49 Padded Archer Armor
33:28 Hand Cart
33:02 Town Watch
34:58 Gold Mining
34:58 Stone Mining
36:15 Caravan
37:50 Thumb Ring
40:10 Town Patrol
43:21 Pikeman
44:01 Squires
50:36 Imperial Age
48:34 Murder Holes
51:58 Conscription
53:24 Theocracy
53:02 Fervor
53:13 Sanctity
53:43 Conscription
55:27 Stone Shaft Mining
55:27 Gold Shaft Mining
55:06 Bow Saw
Soshipeak
10:52 Feudal Age
18:52 Castle Age
18:49 Double-Bit Axe
26:31 Wheelbarrow
27:07 Bow Saw
34:41 Hand Cart
47:23 Imperial Age
47:30 Onager
48:27 Scale Barding Armor
48:32 Forging
47:43 Cavalier
49:33 Chemistry
48:40 Siege Engineers
48:56 Ballistics
48:55 Masonry
52:32 Chain Barding Armor
52:47 Iron Casting
53:16 Paladin
54:01 Husbandry
59:59 Light Cavalry
61:17 Plate Barding Armor
61:42 Blast Furnace
61:09 Conscription
62:35 Chivalry
olivera.mariano
6:26 Loom
11:22 Feudal Age
12:38 Wheelbarrow
11:49 Double-Bit Axe
11:46 Horse Collar
15:05 Scale Barding Armor
16:48 Forging
23:16 Castle Age
21:39 Stone Mining
22:40 Fletching
22:52 Gold Mining
23:06 Padded Archer Armor
24:12 Hand Cart
27:12 Town Watch
35:12 Scale Mail Armor
38:30 Imperial Age
37:07 Murder Holes
39:14 Bow Saw
42:39 Elite Fire Lancer
43:57 Elite Skirmisher
46:54 Town Patrol
49:03 Imperial Skirmisher
50:22 Paper Money
55:47 Chain Mail Armor
60:09 Plate Mail Armor
61:14 Leather Archer Armor
66:55 Ring Archer Armor
67:01 Bodkin Arrow
71:01 Pikeman
75:18 Pikeman
76:51 Halberdier
kauchi1
12:31 Feudal Age
16:28 Castle Age
16:29 Wheelbarrow
15:53 Double-Bit Axe
16:15 Horse Collar
19:09 Heavy Plow
21:58 Bow Saw
23:20 Hand Cart
26:04 Gold Mining
26:04 Stone Mining
37:31 Imperial Age
36:42 Stone Shaft Mining
36:42 Gold Shaft Mining
38:25 Padded Archer Armor
38:30 Scale Barding Armor
38:25 Scale Mail Armor
38:38 Forging
38:19 Fletching
41:52 Elite Ballista Elephant
42:45 Double Crossbow
44:49 Elite Battle Elephant
49:22 Chain Barding Armor
49:18 Chain Mail Armor
49:18 Leather Archer Armor
49:39 Iron Casting
49:01 Bodkin Arrow
50:07 Capped Ram
51:09 Siege Ram
61:57 Crop Rotation
62:11 Plate Barding Armor
62:11 Ring Archer Armor
61:44 Bracer
75:36 Cavalier
Connection lost

Rejoining the realm…

Still unreachable

The connection could not be restored.

Session expired

The server has moved on; the page needs a fresh start.